 Dungeon Crawl Stone Soup version 0.28-a0-1159-g27aa881441 (webtiles) character file.

Game seed: 9594240080887409485

55 lessens the Cudgeller (level 3, -1/31 HPs)
             Began as a Gargoyle Warper on Dec 15, 2021.
             Slain by an iguana (2 damage)
             ... on level 2 of the Dungeon.
             The game lasted 00:02:00 (2731 turns).

lessens the Cudgeller (Gargoyle Warper)             Turns: 2731, Time: 00:02:00

Health: -1/31      AC: 21    Str: 16    XL:     3   Next: 93%
Magic:  6/6        EV:  2    Int: 13    God:
Gold:   57         SH:  0    Dex:  9    Spells: 6/6 levels left

rFire   . . .      SeeInvis .   k - +3 spear
rCold   . . .      Faith    .   (no shield)
rNeg    + . .      Spirit   .   (armour currently unavailable)
rPois   ∞          Reflect  .   (helmet currently unavailable)
rElec   .          Harm     .   (cloak currently unavailable)
rCorr   .          Rampage  .   (gloves currently unavailable)
Will    .....      NoTele   +   (boots currently unavailable)
Stlth   +.........              (no amulet)
HPRegen 0.10/turn               (no ring)
MPRegen 0.10/turn               (no ring)

@: tree-form
A: stationary, stasis, torment immunity, boosted hp, sickness immunity, AC +3,
negative energy resistance 1, (electricity resistance), torment resistance 1,
petrification resistance
a: no special abilities


You were on level 2 of the Dungeon.
You were a tree.
You visited 1 branch of the dungeon, and saw 2 of its levels.

You collected 57 gold pieces.

Inventory:

Hand Weapons
 a - a +0 mace
 k - a +3 spear (weapon)
Missiles
 d - 3 boomerangs of dispersal (quivered)
 j - 64 stones
 m - 6 boomerangs
 p - 15 poisoned darts
Armour
 b - a +0 leather armour
 i - a +0 ring mail (melded)
Scrolls
 c - 2 scrolls of blinking
 e - 3 scrolls of identify {unknown}
 f - a scroll of enchant armour {unknown}
Potions
 h - a potion of lignification
 l - a potion of brilliance {unknown}
 n - 2 potions of attraction {unknown}
 o - a potion of mutation {unknown}


   Skills:
 - Level 2.1 Fighting
 + Level 4.1 Maces & Flails
 - Level 0.8 Throwing
 - Level 1.1 Armour
 - Level 1.5 Dodging
 - Level 2.0 Spellcasting
 - Level 2.6 Translocations


You had 6 spell levels left.
You didn't know any spells.
Your spell library contained the following spells:

 Spells                   Type           Power      Damage    Failure   Level
 Apportation              Tloc           16%        N/A       9%          1
 Blink                    Tloc           16%        N/A       13%         2
 Gell's Gravitas          Tloc           8%         N/A       26%         3
 Lesser Beckoning         Tloc           8%         N/A       26%         3
 Teleport Other           Tloc           8%         N/A       26%         3
 Iskenderun's Mystic Bla  Conj/Tloc      4%         2d3       82%         4
 Manifold Assault         Tloc           8%         N/A       93%         5
 Fulminant Prism          Conj/Hex       0%         3d6       94%         4
 Alistair's Intoxication  Tmut/Pois      0%         N/A       100%        5
 Lee's Rapid Deconstruct  Erth           0%         3d5*      100%        5


Dungeon Overview and Level Annotations

Branches:
Dungeon (2/15)

Altars:
Yredelemnul


Innate Abilities, Weirdness & Mutations

You are a tree.
Your roots penetrate the ground, keeping you stationary.
You cannot be teleported.
You are immune to unholy pain and torment.
Your maximum health is greatly increased.
Your equipment is partially melded.
You are immune to sickness and miasma.
((Your stone body is resilient. (AC +3)))
You are immune to poison.
You resist negative energy. (rN+)
((You are resistant to electric shocks. (rElec)))
You are resistant to unholy torment.
You are immune to petrification.


Message History

You hit the iguana but do no damage.
The iguana is moderately wounded.
The iguana bites you.
You hit the iguana but do no damage.
The iguana is moderately wounded.
The iguana barely misses you.
You barely miss the iguana.
The iguana is moderately wounded.
The iguana misses you.
You closely miss the iguana.
The iguana is moderately wounded.
The iguana hisses menacingly.
The iguana bites you.
* * * LOW HITPOINT WARNING * * *
You hit the iguana.
The iguana is moderately wounded.
The iguana bites you but does no damage.
The iguana bites you.
* * * LOW HITPOINT WARNING * * *
Things that are here:
a +0 club; a goblin corpse
Things that are here:
a frilled lizard corpse; a jackal corpse It was a potion of flight.
You feel very buoyant.
You fly up into the air.
The iguana barely misses you.
It was a potion of lignification.
You turn into a tree.
Your +0 ring mail melds into your body.
Your roots penetrate the ground.
The iguana bites you but does no damage.
You hit the iguana.
The iguana is heavily wounded.
The iguana bites you!
* * * LOW HITPOINT WARNING * * *
You closely miss the iguana.
The iguana is heavily wounded.
The iguana bites you but does no damage.
You hit the iguana.
The iguana is heavily wounded.
The iguana bites you.
You die...

#..........# #..........#
#..........# #..........#
### #..........# ##.##
##........## ##...##
##........## #†.#l.#
#..........# ### #.###♣##
#..........## .... #†# #..#
#..........#. ..... #)#
##.###...........>
......#.####..............).
............................
......#.##########.>......#.
........# #.###.#.÷#.
.......## #...#.#...#
....... ###.#.#.#.#


You could see an iguana.

Vanquished Creatures
  2 adders (D:2)
  2 dart slugs
  2 endoplasms
  3 goblins
  5 hobgoblins
  4 jackals (D:2)
  2 ball pythons (D:1)
  A bat (D:2)
  5 frilled lizards
  4 kobolds
  3 rats
33 creatures vanquished.

Notes
Turn   | Place    | Note
-------+----------+-------------------------------------------
     0 | D:1      | lessens the Gargoyle Warper began the quest for the Orb.
     0 | D:1      | Reached XP level 1. HP: 12/12 MP: 3/3
   731 | D:1      | Reached XP level 2. HP: 14/17 MP: 5/5
  1609 | D:1      | Reached skill level 3 in Maces & Flails
  1711 | D:1      | Found a faded altar of an unknown god.
  2108 | D:2      | Reached XP level 3. HP: 19/21 MP: 6/6
  2319 | D:2      | Found a basalt altar of Yredelemnul.
  2688 | D:2      | Reached skill level 4 in Maces & Flails
  2729 | D:2      | HP: 1/31 [iguana (8)]
  2731 | D:2      | Slain by an iguana

Illustrated notes

Levels and vault maps discovered:
D:1:      wheals_arrival_linesprint, layout_basic,
          chequers_ecumenical_altar_twisty, roderic_serpentine_path, minivault_5
D:2:      layout_rooms, basic_altar, minmay_tetromino_i2

Skill      XL: |  1  2  3 |
---------------+----------+-----
Maces & Flails | 3 4 |  4.1
Fighting       | |  2.1
Throwing       | |  0.8
Armour         | |  1.1
Dodging        | |  1.5
Spellcasting   | |  2.0
Translocations | |  2.6

Action                   || total
-------------------------++-------
Melee: Mace              ||    31
       Spear             ||    81
Throw: Boomerang         ||     2
  Use: Potion            ||     2
Armor: Leather armour    ||     7
       Ring mail         ||    27
       Skin              ||     2
Dodge: Dodged            ||    62

Table legend: (Time is in decaauts)
 A = Elapsed time spent in this place.
 B = Non-inter-level travel time spent in this place.
 C = Inter-level travel time spent in this place.
 D = Time resting spent in this place.
 E = Time spent auto-exploring this place.
 F = Levels seen in this place.
 G = Mean time per level.
                   A        B        C        D        E       F      G
               +--------+--------+--------+--------+--------+-----+--------+
         Total |   2747 |   2705 |     42 |      0 |   2386 |   2 | 1373.5 |
       Dungeon |   2747 |   2705 |     42 |      0 |   2386 |   2 | 1373.5 |
               +--------+--------+--------+--------+--------+-----+--------+

Top non-repeatable levels by time:
     D:1: 2085 daAuts
     D:2: 661 daAuts
